 Dungeon Crawl Stone Soup version 0.31-a0-799-g6bc09d010c (webtiles) character file.

Game seed: 4661982539251916929

112 arthad the Chopper (level 4, 0/24 HPs)
             Began as a Vine Stalker Berserker on Sept 19, 2023.
             Was a Believer of Trog.
             Slain by an iguana (7 damage)
             ... on level 4 of the Dungeon.
             The game lasted 00:03:13 (2368 turns).

arthad the Chopper (Vine Stalker Berserker)         Turns: 2368, Time: 00:03:14

Health: 0/24       AC:  3    Str: 22    XL:     4   Next: 95%
Magic:  0/5        EV: 12    Int:  7    God:    Trog [**....]
Gold:   208        SH:  0    Dex: 13    Spells: 3/3 levels left

rFire   . . .        a - +0 hand axe
rCold   . . .        (no shield)
rNeg    . . .        b - +0 animal skin
rPois   .            (no helmet)
rElec   .            (no cloak)
rCorr   .            (no gloves)
SInv    .            c - +0 pair of boots
Will    ++...        (no amulet)
Stlth   +            (no ring)
HPRegen 2.04/turn    (no ring)
MPRegen 0.09/turn

%: guardian spirit
@: strong-willed, regenerating
A: fangs 2, regeneration 1, magic shield, antimagic bite, no potion heal 2
a: Renounce Religion, Berserk, Trog's Hand


You were on level 4 of the Dungeon.
You worshipped Trog.
Trog was pleased with you.
You visited 1 branch of the dungeon, and saw 4 of its levels.

You collected 208 gold pieces.

Inventory:

Hand Weapons
 a - a +0 hand axe (weapon)
Armour
 b - a +0 animal skin (worn)
 c - a +0 pair of boots (worn)
Scrolls
 d - a scroll of enchant armour {unknown}
 e - 2 scrolls of teleportation {unknown}
 h - a scroll of summoning {unknown}
 i - 5 scrolls of identify {unknown}
 k - 2 scrolls of fear {unknown}
 n - 2 scrolls of immolation {unknown}
 o - a scroll of fog {unknown}
 q - a scroll of torment {unknown}
 r - a scroll of noise {unknown}
 t - a scroll of enchant weapon {unknown}
Potions
 f - a potion of brilliance {unknown}
 g - a potion of attraction {unknown}
 j - a potion of degeneration {unknown}
 l - 2 potions of might {unknown}
 m - a potion of heal wounds {unknown}
 p - 2 potions of curing {unknown}
 s - a potion of cancellation {unknown}


   Skills:
 + Level 3.3 Fighting
 + Level 3.3 Axes
 + Level 2.4 Armour
 + Level 2.4 Dodging


You had 3 spell levels left.
You didn't know any spells.
Your spell library contained the following spells:

 Spells                   Type           Power      Damage    Failure   Level
 Sandblast                Erth           0%         2d4       43%         1
 Passwall                 Tmut/Erth      0%         N/A       56%         2
 Stone Arrow              Conj/Erth      0%         3d7       80%         3
 Brom's Barrelling Bould  Conj/Erth      0%         2d3       99%         4


Dungeon Overview and Level Annotations

Branches:
Dungeon (4/15)
 Temple: D:4-7

Altars:
Cheibriados
Xom

Shops:
D:3 (


Innate Abilities, Weirdness & Mutations

You have extremely sharp teeth.
Your natural rate of healing is unusually fast.
When hurt, damage is shared between your health and your magic reserves.
Your bite disrupts and absorbs the magic of your enemies.
Potions cannot restore your health.


Message History

The sleepcap is severely damaged.
The sleepcap releases spores at you.
You hit the sleepcap. You bite the sleepcap. You drain its power.
You feel invigorated.
The sleepcap is almost destroyed.
The sleepcap barely misses you.
You hit the sleepcap but do no damage.
The sleepcap is almost destroyed.
You barely miss the iguana. The iguana barely misses you.
The sleepcap closely misses you.
You hit the sleepcap but do no damage.
You bite the sleepcap, but do no damage.
The sleepcap is almost destroyed.
You closely miss the iguana. The iguana barely misses you.
The sleepcap releases spores at you.
You are engulfed in a cloud of soporific spores!
You fall asleep.
The iguana bites you.
You wake up.
The sleepcap releases spores at you but does no damage.
You slash the sleepcap!
You destroy the sleepcap!
Trog accepts your kill.
You hit the iguana. The iguana bites you.
You slash the iguana!
The iguana is heavily wounded.
The iguana bites you. The iguana bites you!
* * * LOW HITPOINT WARNING * * *
You are too injured to fight recklessly!
You are too injured to fight recklessly!
Your skin crawls.
You feel strong-willed. The iguana bites you.
* * * LOW HITPOINT WARNING * * *
You hit the iguana but do no damage.
The iguana is heavily wounded.
The iguana barely misses you.
You barely miss the iguana. You bite the iguana, but do no damage.
The iguana is heavily wounded.
The iguana bites you!
You die...

.#....#####
.##...#########
####........... #
##.......# #
###.#####.. #.'....._
. #..##.#####..
####...
#.........#####.....#.
##.##..##.....@.......
# #.#####..l###...#.
#... #.....# ...
...#............ .
###. .###......... ##
## ##.........
...#....l. ######.....


You could see an iguana.

Vanquished Creatures
  A sleepcap (D:4)
  An adder (D:3)
  An ufetubus (D:3)
  A worm (D:3)
  A dart slug (D:3)
  2 orcs (D:3)
  8 endoplasms
  2 giant cockroaches (D:3)
  4 goblins
  3 hobgoblins
  8 jackals (D:3)
  4 quokkas
  9 ball pythons
  6 bats
  2 frilled lizards (D:3)
  4 kobolds
  6 rats
63 creatures vanquished.

Notes
Turn   | Place    | Note
-------+----------+-------------------------------------------
     0 | D:1      | arthad the Vine Stalker Berserker began the quest for the
                  | Orb.
     0 | D:1      | Reached XP level 1. HP: 11/11 MP: 2/2
    45 | D:1      | Found a faded altar of an unknown god.
   185 | D:1      | Reached XP level 2. HP: 16/16 MP: 3/3
  1108 | D:2      | Reached XP level 3. HP: 20/20 MP: 4/4
  1134 | D:2      | Found a shimmering altar of Xom.
  1707 | D:3      | Reached ** piety under Trog
  1782 | D:3      | Found Nicel's Weapon Shoppe.
  1937 | D:3      | Reached XP level 4. HP: 24/24 MP: 5/5
  2343 | D:4      | Found a snail-covered altar of Cheibriados.
  2368 | D:4      | Slain by an iguana

Illustrated notes

Levels and vault maps discovered:
D:1:      co_arrival_random_square_maze, layout_basic,
          ebering_ecumenical_altar_webs, minmay_misc_feat_five,
          minmay_pentomino_u4
D:2:      layout_loops_corners, basic_altar
D:3:      layout_loops_cross, serial_shops, nicolae_shop_bloodbath_and_beyond
D:4:      layout_loops_ring, kennysheep_ying_yang,
          mainiacjoe_overflow_surrounded_room, serial_shops,
          nicolae_inconvenience_store, minmay_crossroads

Skill      XL: |  1  2  3 |
---------------+----------+-----
Fighting       | 3 |  3.3
Dodging        | 2 |  2.4
Axes           | 3 |  3.3
Armour         | 2 |  2.4

Action                     |  1- 3 |  4- 6 || total
---------------------------+-------+-------++-------
  Melee: Hand axe          |   115 |    42 ||   157
         Bite              |    12 |    10 ||    22
         Punch             |     2 |       ||     2
 Invoke: Trog's Hand       |       |     1 ||     1
   Stab: Sleeping          |     3 |       ||     3
 Armour: Animal skin       |    60 |    31 ||    91
  Dodge: Dodged            |    82 |    44 ||   126

Table legend: (Time is in decaauts)
 A = Elapsed time spent in this place.
 B = Non-inter-level travel time spent in this place.
 C = Inter-level travel time spent in this place.
 D = Time resting spent in this place.
 E = Time spent auto-exploring this place.
 F = Levels seen in this place.
 G = Mean time per level.
                   A        B        C        D        E       F      G
               +--------+--------+--------+--------+--------+-----+--------+
         Total |   2389 |   2309 |     80 |      0 |   1923 |   4 |  597.2 |
       Dungeon |   2389 |   2309 |     80 |      0 |   1923 |   4 |  597.2 |
               +--------+--------+--------+--------+--------+-----+--------+

Top non-repeatable levels by time:
     D:1: 907 daAuts
     D:2: 806 daAuts
     D:3: 582 daAuts
     D:4: 93 daAuts
